 Dungeon Crawl Stone Soup version 0.23.0 (console) character file.

Game seed: 3776699088122908928

57477 mys the Markscentaur (level 14, -4/122 HPs)
             Began as a Centaur Warper on Feb 14, 2019.
             Was the Champion of Okawaru.
             Slain by a seven-headed hydra (14 damage)
             ... on level 4 of the Lair of Beasts.
             The game lasted 02:30:07 (26930 turns).

mys the Markscentaur (Centaur Warper)              Turns: 26930, Time: 02:30:08

Health: -4/122     AC: 17    Str: 19      XL:     14   Next: 45%
Magic:  21/21      EV: 13    Int: 13      God:    Okawaru [******]
Gold:   1423       SH:  0    Dex: 13 (14) Spells: 11/26 levels left

rFire    + + +     SeeInvis .   w - +8 battleaxe {freeze, *Rage +Fly rF+ rC+}
rCold    + + .     Gourm    .   (shield currently unavailable)
rNeg     . . .     Faith    .   E - +2 robe {rC+}
rPois    .         Spirit   .   (no helmet)
rElec    .         Reflect  .   (no cloak)
rCorr    .         Harm     .   z - +0 pair of fencer's gloves {Riposte Dex+3}
MR       +....     Rnd*Rage +   h - +4 centaur barding {Stlth+}
Stlth    +++.......             O - amulet of regeneration
HPRegen  0.70/turn              t - +3 ring of evasion
MPRegen  0.17/turn              J - +3 ring of dexterity

@: very quick
A: large, hooves 3, deformed body, deterioration 1, fire resistance 2, speed 2,
low mp 1, tough skin 3
a: Heroism, Finesse, Renounce Religion, Evoke Flight


You were on level 4 of the Lair of Beasts.
You worshipped Okawaru.
Okawaru was exalted by your worship.
You were not hungry.

You visited 3 branches of the dungeon, and saw 20 of its levels.
You also visited: Bailey.

You collected 2130 gold pieces.
You spent 707 gold pieces at shops.

Inventory:

Hand Weapons
 c - a +2 morningstar of protection
 q - the +12 longbow "Plog" {flame, rPois rN+ MR+ SInv}
   (Okawaru gifted it to you on level 1 of the Lair of Beasts)

   It causes projectiles fired from it to burn those they strike, causing extra
   injury to most foes and up to half again as much damage against particularly
   susceptible opponents.
   It protects you from poison.
   It protects you from negative energy.
   It affects your resistance to hostile enchantments.
   It lets you see invisible.
 w - the +8 battleaxe of Wrath (weapon) {freeze, *Rage +Fly rF+ rC+}
   (You bought it in a shop on level 11 of the Dungeon)

   It has been specially enchanted to freeze those struck by it, causing extra
   injury to most foes and up to half again as much damage against particularly
   susceptible opponents.
   It can also slow down cold-blooded creatures.
   It protects you from fire.
   It protects you from cold.
   It lets you fly.
   It may make you go berserk in combat.
Missiles
 g - 382 arrows
 y - 5 throwing nets (quivered)
Armour
 h - a +4 centaur barding of stealth (worn)
 z - the +0 pair of fencer's gloves (worn) {Riposte Dex+3}
   (Okawaru gifted it to you on level 3 of the Lair of Beasts)

   It affects your dexterity (+3).
 E - a +2 robe of cold resistance (worn)
Jewellery
 t - a +3 ring of evasion (left hand)
 v - an uncursed ring of protection from fire
 B - a +3 ring of intelligence
 J - a +3 ring of dexterity (right hand)
 O - an amulet of regeneration (around neck)
 X - an uncursed ring of flight
Wands
 i - a wand of paralysis (25)
 u - a wand of enslavement (3)
 x - a wand of disintegration (10)
 F - a wand of random effects (9)
 I - a wand of polymorph (24)
 S - a wand of acid (37)
 Z - a wand of flame (13)
Scrolls
 b - a scroll of vulnerability
 d - 3 scrolls of blinking
 e - a scroll of enchant weapon
 j - 4 scrolls of amnesia
 k - 4 scrolls of teleportation
 l - 5 scrolls of fog
 s - 3 scrolls of remove curse
 D - 3 scrolls of magic mapping
 H - 3 scrolls of identify
 Q - 3 scrolls of fear
Potions
 m - 3 potions of might
 n - 4 potions of curing
 o - 2 potions of haste
 p - 3 potions of heal wounds
 r - a potion of resistance
 A - 3 potions of magic
 C - a potion of lignification
 G - 4 potions of brilliance
 L - 4 potions of agility
 W - a potion of cancellation
Miscellaneous
 a - a lamp of fire
 V - a box of beasts
Comestibles
 f - 31 rations
 K - 2 chunks of flesh


   Skills:
 + Level 10.8 Fighting
 + Level 7.9(8.8) Axes
 + Level 5.9(7.8) Maces & Flails
 + Level 16.2 Bows
 + Level 2.3 Throwing
 + Level 6.5 Armour
 + Level 5.3 Dodging
 + Level 1.6 Stealth
 + Level 6.9 Spellcasting
 + Level 3.0 Charms
 + Level 7.4 Translocations
 + Level 0.1 Air Magic
 + Level 0.3 Earth Magic
 + Level 0.5 Evocations


You had 11 spell levels left.
You knew the following spells:

 Your Spells              Type           Power        Failure   Level  Hunger
a - Shroud of Golubria    Chrm/Tloc      ###.......   2%          2    #......
c - Teleport Other        Tloc           ###.....     2%          3    ###....
g - Passage of Golubria   Tloc           N/A          8%          4    ####...
s - Swiftness             Chrm/Air       #.......     12%         2    #......
x - Blink                 Tloc           N/A          1%          2    #......
X - Passwall              Tmut/Erth      #.......     22%         2    #......

Your spell library contained the following spells:

 Spells                   Type           Power        Failure   Level  Hunger
 Gell's Gravitas          Tloc           ###.......   2%          3    ###....
 Lesser Beckoning         Tloc           ###.......   2%          3    ###....
 Sandblast                Erth           #.....       14%         1    None
 Corona                   Hex            #......      16%         1    None
 Magic Dart               Conj           #...         16%         1    None
 Shock                    Conj/Air       #...         16%         1    None
 Summon Butterflies       Summ           #.......     16%         1    None
 Call Imp                 Summ           #.......     24%         2    #......
 Corpse Rot               Necr           N/A          24%         2    #......
 Ensorcelled Hibernation  Hex/Ice        #.....       24%         2    #......
 Slow                     Hex            #.......     24%         2    #......
 Mephitic Cloud           Conj/Pois/Air  #.......     41%         3    ###....
 Static Discharge         Conj/Air       #.......     41%         3    ###....
 Stone Arrow              Conj/Erth      #.....       41%         3    ###....
 Call Canine Familiar     Summ           #.......     43%         3    ###....
 Confuse                  Hex            #.......     43%         3    ###....
 Conjure Flame            Conj/Fire      #.......     43%         3    ###....
 Dazzling Spray           Conj/Hex       #.....       43%         3    ###....
 Tukima's Dance           Hex            #.......     43%         3    ###....
 Summon Forest            Summ/Tloc      ##........   67%         5    ######.
 Petrify                  Tmut/Erth      #.......     80%         4    ####...
 Airstrike                Air            #.........   82%         4    ####...
 Leda's Liquefaction      Hex/Erth       #.........   82%         4    ####...
 Summon Ice Beast         Ice/Summ       #.......     83%         4    ####...
 Lee's Rapid Deconstruct  Erth           #.........   98%         5    ######.
 Lightning Bolt           Conj/Air       #.........   99%         5    ######.
 Summon Mana Viper        Hex/Summ       #.......     99%         5    ######.
 Hydra Form               Tmut           #.........   100%        6    #######
 Summon Hydra             Summ           #.........   100%        7    #######


Dungeon Overview and Level Annotations

Branches:
Dungeon (15/15)            Temple (1/1) D:4            Lair (4/6) D:9
  Swamp (0/4) Lair:2          Orc (0/2) D:10         Vaults (0/5) D:13
 Depths (0/5) D:15
  Snake: Lair:2-4    Spider: Lair:2-4

Altars:
Ashenzari
Cheibriados
Dithmenos
Elyvilon
Fedhas
Gozag
Hepliaklqana
Kikubaaqudgha
Makhleb
Nemelex Xobeh
Okawaru
Qazlal
Ru
Sif Muna
Trog
Uskayaw
Vehumet
Wu Jian
Xom
Yredelemnul
Zin
The Shining One

Shops:
D:4 }   D:11 ?(::*


Innate Abilities, Weirdness & Mutations

You have hooves in place of feet.
Armour fits poorly on your strangely shaped body.
You cover ground very quickly.
You have extremely tough skin. (AC +3)
Your body sometimes deteriorates upon taking damage.
Your flesh is very heat resistant. (rF++)
Your magical capacity is low. (-10% MP)


Message History

There is a stone staircase leading up, spattered with blood here.
A crocodile comes into view.
A soldier ant comes into view.
The soldier ant moves out of view.
Found 17 arrows. 3 dream sheep come into view.
The dream sheep bleats!
You hear a bleat! x2
The nine-headed hydra is no longer moving slowly.
The dream sheep moves out of view. x2
A dream sheep comes into view.
A dream sheep comes into view.
The dream sheep bleats! x2
The dream sheep shake their wool and sparkle.
You feel drowsy...
You fall asleep.
A dream sheep comes into view.
The seven-headed hydra bites you!!
You wake up.
* * * LOW HITPOINT WARNING * * *
Your body deteriorates!
You feel clumsy. The seven-headed hydra bites you!
You die... ♣♣♣.....# P♣♣......# P♣♣♣....## PP♣ ♣........
PP♣♣ ..###.Y.
PPP♣

..# ... # P.P♣♣ ..
#.Y# .# ..PP♣ #.#Y#
#.# .PP♣♣
#.#.#.############..#
..PP♣
#.....##P...a....#
[.P♣♣
#...@D..Dt####.<#
..P♣ #...########
#....#


PPP♣ #..#. #.....# PPP♣ # # #.####a# P♣♣♣ .## . P♣ .. ♣P♣.(. .. P♣♣....## .##
♣♣......## .. #..# ♣......... ... ... ......... ...# ..# You could see a
nine-headed hydra, a seven-headed hydra, a soldier ant, a crocodile and 3 dream
sheep.

Vanquished Creatures
  A dire elephant (Lair:4)
  An ogre mage (D:15)
  A fire dragon (D:13)
  2 yaktaur captains (D:15)
  Fannar (Lair:1)
  A vault guard (D:13)
  A catoblepas (D:11)
  7 hydras
  4 centaur warriors
  6 two-headed ogres
  4 unseen horrors
  An orc knight (D:15)
  3 harpies
  8 ugly things
  Pikel (D:8)
  A wolf spider (D:15)
  A manticore (D:14)
  5 cyclopes
  15 elephants (Lair:4)
  A gargoyle (D:11)
  5 komodo dragons
  5 spiny frogs
  2 kobold demonologists
  A freezing wraith (D:14)
  A rime drake (Lair:1)
  A queen bee (D:9)
  A wolf spider simulacrum (D:15)
  A hornet (Lair:2)
  A wind drake (shapeshifter) (D:15)
  Grinder (D:3)
  7 hippogriffs
  3 shadows
  A spriggan (Lair:4)
  2 wyverns
  14 yaks
  3 wraiths
  11 vampire mosquitoes
  4 basilisks
  2 hungry ghosts
  2 soldier ants
  An acid dragon (D:15)
  7 water moccasins
  4 porcupines
  3 ice beasts
  A hornet zombie (D:13)
  5 orc warriors
  4 sky beasts
  6 ogres
  3 phantoms
  A necrophage (D:13)
  11 centaurs
  8 wolves
  6 crocodiles
  3 big kobolds
  13 bullfrogs
  9 gnoll sergeants
  6 scorpions
  23 killer bees
  9 wights
  2 electric eels
  6 crimson imps
  2 bullfrog zombies
  2 quasits
  8 centaur zombies
  13 hounds
  2 jellies
  2 bullfrog skeletons
  7 orc priests
  6 gnoll shamans (Bailey)
  9 iguanas
  5 centaur skeletons
  Ijyb (D:1)
  8 orc wizards
  11 worker ants
  A killer bee zombie (D:5)
  A hound zombie (D:11)
  A hound skeleton (D:4)
  2 worker ant zombies (D:8)
  A howler monkey skeleton (D:6)
  26 gnolls
  13 adders
  2 shadow imps
  An ooze (D:3)
  An adder skeleton (D:8)
  2 adder zombies
  2 worms (D:2)
  2 dart slugs (D:1)
  7 leopard geckos
  45 orcs
  9 bats
  5 giant cockroaches
  9 goblins
  5 hobgoblins
  4 jackals (D:9)
  5 quokkas
  2 ball pythons (D:2)
  6 frilled lizards
  2 jackal skeletons (D:4)
  A jackal zombie (D:6)
  12 kobolds
  9 rats
  A fungus (Lair:2)
  A withered plant (D:12)
518 creatures vanquished.

Vanquished Creatures (others)
  A slave (D:8)
  A killer bee (D:8)
  27 fungi (Lair:4)
  8 plants
37 creatures vanquished.

Grand Total: 555 creatures vanquished

Notes
Turn   | Place    | Note
-------+----------+-------------------------------------------
     0 | D:1      | mys the Centaur Warper began the quest for the Orb.
     0 | D:1      | Reached XP level 1. HP: 17/17 MP: 3/3
   275 | D:1      | Reached XP level 2. HP: 15/24 MP: 4/4
   455 | D:1      | Learned a level 2 spell: Shroud of Golubria
   458 | D:1      | Learned a level 2 spell: Blink
   929 | D:2      | Reached XP level 3. HP: 19/29 MP: 4/6
  1637 | D:2      | Reached XP level 4. HP: 37/37 MP: 4/7
  2369 | D:3      | Noticed Ijyb
  2477 | D:1      | Killed Ijyb
  2560 | D:3      | Found an opulent altar of Gozag.
  2582 | D:3      | Noticed Grinder
  2594 | D:3      | Paralysed by Grinder for 2 turns
  2964 | D:3      | Reached skill level 1 in Armour
  2964 | D:3      | Reached XP level 5. HP: 42/42 MP: 3/8
  3037 | D:3      | Reached skill level 1 in Maces & Flails
  3243 | D:4      | Found Wamupryi's Gadget Boutique.
  3366 | D:4      | Learned a level 3 spell: Teleport Other
  3394 | D:4      | Reached skill level 1 in Charms
  4262 | D:4      | Found a staircase to the Ecumenical Temple.
  4292 | D:4      | Reached XP level 6. HP: 50/50 MP: 6/9
  4313 | Temple   | Entered the Ecumenical Temple
  4399 | Temple   | Became a worshipper of Warmaster Okawaru
  4755 | D:4      | Learned a level 2 spell: Swiftness
  5494 | D:5      | Entered Level 5 of the Dungeon
  5632 | D:5      | Reached XP level 7. HP: 26/56 MP: 11/11
  6168 | D:5      | Reached * piety under Okawaru
  6168 | D:5      | Reached skill level 1 in Bows
  6679 | D:3      | Killed Grinder
  6679 | D:3      | Reached skill level 2 in Bows
  6914 | D:6      | Noticed a wraith
  6986 | D:5      | Reached skill level 3 in Bows
  7067 | D:5      | Reached XP level 8. HP: 41/63 MP: 12/12
  7755 | D:5      | Reached skill level 4 in Bows
  8098 | D:5      | Reached skill level 5 in Bows
  8352 | D:5      | Reached ** piety under Okawaru
  8435 | D:6      | Reached skill level 6 in Bows
  8574 | D:6      | Reached skill level 7 in Bows
  9384 | D:7      | Found a flagged portal.
  9427 | Bailey   | Entered a bailey
  9441 | Bailey   | Reached XP level 9. HP: 69/70 MP: 13/13
  9664 | Bailey   | Reached skill level 8 in Bows
  9744 | Bailey   | Reached *** piety under Okawaru
 10218 | Bailey   | Reached skill level 9 in Bows
 10249 | Bailey   | Noticed an orc knight
 10249 | Bailey   | Noticed an orc knight
 10961 | D:7      | Learned a level 4 spell: Passage of Golubria
 10991 | D:7      | Reached **** piety under Okawaru
 11048 | D:7      | Reached skill level 10 in Bows
 11266 | D:7      | You fall through a shaft!
 11270 | D:8      | Noticed a two-headed ogre
 11342 | D:8      | Killed a two-headed ogre
 11342 | D:8      | Received a gift from Okawaru
 11342 | D:8      | Reached skill level 5 in Fighting
 11342 | D:8      | Reached XP level 10. HP: 38/81 MP: 15/15
 11380 | D:8      | Learned a level 2 spell: Passwall
 11439 | D:8      | Reached ***** piety under Okawaru
 11550 | D:8      | Noticed Pikel
 11590 | D:8      | Killed Pikel
 12022 | D:8      | Reached skill level 11 in Bows
 13055 | D:9      | Reached skill level 1 in Stealth
 13098 | D:9      | Found a staircase to the Lair.
 13288 | D:9      | Received a gift from Okawaru
 13406 | D:9      | Found a shattered altar of Ashenzari.
 13519 | D:8      | Reached skill level 5 in Maces & Flails
 13761 | D:9      | Reached XP level 11. HP: 55/89 MP: 17/17
 13804 | D:9      | Reached skill level 5 in Translocations
 14133 | D:10     | Entered Level 10 of the Dungeon
 14548 | D:10     | Found a staircase to the Orcish Mines.
 15113 | D:11     | Found Taceugh's General Store.
 15113 | D:11     | Found Comoul's Book Boutique.
 15337 | D:10     | Reached skill level 12 in Bows
 15811 | D:11     | Bought a scroll of identify for 32 gold pieces
 15811 | D:11     | Bought a cursed -1 longbow for 1 gold piece
 15811 | D:11     | Bought a potion of lignification for 48 gold pieces
 15851 | D:11     | Bought a scroll of remove curse for 48 gold pieces
 15851 | D:11     | Bought a scroll of blinking for 120 gold pieces
 16064 | D:11     | Noticed a red ugly thing
 16104 | D:11     | Killed a red ugly thing
 16332 | D:11     | You fall through a shaft for 2 floors!
 16438 | D:12     | Reached skill level 5 in Armour
 16497 | D:12     | Noticed a five-headed hydra
 16535 | D:12     | Killed a five-headed hydra
 16947 | D:11     | Found Dojys's Antique Weapon Shoppe.
 16952 | D:11     | Found Soun's Magic Scroll Boutique.
 16961 | D:11     | Bought a scroll of identify for 34 gold pieces
 16961 | D:11     | Bought a scroll of identify for 34 gold pieces
 16961 | D:11     | Bought a scroll of identify for 34 gold pieces
 16971 | D:11     | Gained mutation: You expend magic power (3 MP) to
                  | strengthen your wands. [potion of mutation]
 16971 | D:11     | Gained mutation: Your magical capacity is low. (-10% MP)
                  | [potion of mutation]
 16971 | D:11     | Gained mutation: Your system is resistant to poisons.
                  | (rPois) [potion of mutation]
 16972 | D:11     | Lost mutation: Your system is resistant to poisons. (rPois)
                  | [potion of mutation]
 16972 | D:11     | Lost mutation: You expend magic power (3 MP) to strengthen
                  | your wands. [potion of mutation]
 16972 | D:11     | Gained mutation: Your body sometimes deteriorates upon
                  | taking damage. [potion of mutation]
 16972 | D:11     | Gained mutation: Your flesh is heat resistant. (rF+)
                  | [potion of mutation]
 16972 | D:11     | Gained mutation: Your flesh is very heat resistant. (rF++)
                  | [potion of mutation]
 16986 | D:11     | Noticed a white ugly thing
 17158 | D:11     | Killed a white ugly thing
 17254 | D:11     | Bought a scorched battleaxe for 356 gold pieces
 17254 | D:11     | Identified the +8 battleaxe of Wrath {freeze, *Rage +Fly
                  | rF+ rC+} (You bought it in a shop on level 11 of the
                  | Dungeon)
 17280 | D:11     | Killed an unseen horror
 17280 | D:11     | Received a gift from Okawaru
 17371 | D:11     | Found Qikhagu's Book Emporium.
 17374 | D:11     | Warp 1530
 18108 | D:12     | Noticed a catoblepas
 18146 | D:12     | Noticed a harpy
 18146 | D:12     | Noticed a harpy
 18180 | D:11     | Killed a harpy
 18301 | D:12     | Killed a harpy
 18301 | D:12     | Reached ****** piety under Okawaru
 18301 | D:12     | Reached skill level 5 in Spellcasting
 18327 | D:12     | Noticed a harpy
 18344 | D:12     | Killed a harpy
 18344 | D:12     | Received a gift from Okawaru
 18344 | D:12     | Reached skill level 13 in Bows
 18476 | D:11     | Killed a catoblepas
 18476 | D:11     | Received a gift from Okawaru
 18703 | D:12     | Reached XP level 12. HP: 99/100 MP: 17/17
 19298 | D:13     | Found a gate to the Vaults.
 19298 | D:13     | Noticed a vault guard
 19360 | D:13     | Killed a vault guard
 19477 | D:14     | Noticed a fire dragon
 19560 | D:12     | Received a gift from Okawaru
 19721 | D:13     | Killed a fire dragon
 19721 | D:13     | Reached skill level 5 in Axes
 19960 | D:14     | Noticed a centaur warrior
 20393 | D:14     | Killed a centaur warrior
 20659 | D:15     | Entered Level 15 of the Dungeon
 20659 | D:15     | Noticed a two-headed ogre
 20659 | D:15     | Noticed a two-headed ogre
 20668 | D:14     | Killed a two-headed ogre
 20668 | D:14     | Received a gift from Okawaru
 20675 | D:14     | Got an encrusted shortbow {god gift}
 20676 | D:14     | Identified the +6 shortbow "Zuexost" {speed, *Slow rPois
                  | Dex+6} (Okawaru gifted it to you on level 14 of the
                  | Dungeon)
 20707 | D:14     | Killed a two-headed ogre
 20811 | D:15     | Noticed a two-headed ogre
 20891 | D:15     | Noticed a two-headed ogre
 20901 | D:14     | Reached skill level 14 in Bows
 21038 | D:15     | Noticed an ogre mage
 21099 | D:15     | Noticed a two-headed ogre
 21120 | D:14     | Killed a two-headed ogre
 21128 | D:14     | Killed a two-headed ogre
 21415 | D:15     | Received a gift from Okawaru
 21415 | D:15     | Reached XP level 13. HP: 108/108 MP: 19/19
 21546 | D:15     | Received a gift from Okawaru
 21675 | D:15     | Received a gift from Okawaru
 22954 | D:15     | Received a gift from Okawaru
 22954 | D:15     | Reached skill level 10 in Fighting
 23049 | D:15     | Found a staircase to the Depths.
 23232 | D:15     | Reached skill level 5 in Dodging
 23479 | Lair:1   | Entered Level 1 of the Lair of Beasts
 23760 | Lair:1   | Got a scorched scale mail
 23771 | Lair:1   | Identified the +6 scale mail of the Moon Troll {-Tele rPois
                  | Int+5} (You found it on level 1 of the Lair of Beasts)
 23960 | Lair:1   | Noticed Fannar
 24052 | Lair:1   | Killed Fannar
 24449 | Lair:1   | Received a gift from Okawaru
 24449 | Lair:1   | Reached skill level 15 in Bows
 24450 | Lair:1   | Got a translucent longbow {god gift}
 24470 | Lair:1   | Identified the +12 longbow "Plog" {flame, rPois rN+ MR+
                  | SInv} (Okawaru gifted it to you on level 1 of the Lair of
                  | Beasts)
 24721 | Lair:2   | Found a staircase to the Swamp.
 25006 | Lair:2   | Reached XP level 14. HP: 122/122 MP: 21/21
 25822 | Lair:3   | Received a gift from Okawaru
 25823 | Lair:3   | Found the +0 pair of fencer's gloves {Riposte Dex+3}
 26594 | Lair:4   | Reached skill level 16 in Bows
 26898 | Lair:4   | Noticed an entropy weaver
 26930 | Lair:4   | Slain by a seven-headed hydra

Skill      XL: |  1  2  3  4  5  6  7  8  9 10 11 12 13 14 |
---------------+-------------------------------------------+-----
Axes           | 2 3 6 7 |  7.9
Spellcasting   | 2 3 4 5 6 |  6.9
Armour         | 1 2 3 4 5 6 |  6.5
Maces & Flails | 1 2 3 5 |  5.9
Translocations | 3 4 5 6 7 |  7.4
Charms         | 1 2 3 |  3.0
Dodging        | 2 3 4 5 |  5.3
Bows           | 3 7 10 11 13 14 15 16 | 16.2
Fighting       | 3 5 6 7 8 10 | 10.8
Throwing       | 2 |  2.3
Stealth        | 1 |  1.6
Air Magic      | |  0.1
Earth Magic    | |  0.3
Evocations     | |  0.5

Action                   |  1- 3 |  4- 6 |  7- 9 | 10-12 | 13-15 || total
-------------------------+-------+-------+-------+-------+-------++-------
Melee: Hand axe          |    71 |    84 |       |       |       ||   155
       Kick              |    13 |    19 |    64 |   113 |    21 ||   230
       Whip              |    12 |   116 |   267 |   473 |       ||   868
       Battleaxe         |       |       |       |   111 |   112 ||   223
       Longbow           |       |       |       |     1 |       ||     1
 Fire: Shortbow          |       |       |   361 |   311 |   347 ||  1019
       Longbow           |       |       |       |   226 |   161 ||   387
Throw: Tomahawk          |     1 |     3 |     5 |     5 |       ||    14
       Throwing net      |       |       |     2 |       |     1 ||     3
 Cast: Shroud of Golubri |     4 |    17 |    13 |    16 |     1 ||    51
       Blink             |     1 |     2 |    36 |    49 |    29 ||   117
       Swiftness         |       |     1 |     1 |     2 |     1 ||     5
       Passwall          |       |       |       |     1 |       ||     1
       Passage of Golubr |       |       |       |     5 |     2 ||     7
Invok: Heroism           |       |       |     1 |       |       ||     1
 Abil: Evoke Flight      |       |       |       |       |     1 ||     1
Evoke: Wand              |       |       |     3 |     2 |       ||     5
  Use: Scroll            |       |     9 |    10 |    18 |     6 ||    43
       Potion            |       |       |     3 |     3 |     1 ||     7
 Stab: Sleeping          |       |       |       |     1 |       ||     1
  Eat: Chunk             |     2 |    12 |    10 |    24 |    15 ||    63
       Ration            |       |       |     3 |     2 |       ||     5
Armor: Leather armour    |    20 |     3 |       |       |       ||    23
       Ring mail         |       |    63 |   109 |   386 |    84 ||   642
       Robe              |       |       |       |     2 |    38 ||    40
Dodge: Dodged            |    37 |   106 |   210 |   399 |   109 ||   861
       Rpst.: Battleaxe  |       |       |       |       |     3 ||     3
       Longbow           |       |       |       |       |     1 ||     1
